 Dungeon Crawl Stone Soup version 0.26.0-3-g156281e41b (webtiles) character file.

Game seed: 17945938665201929377

89 Drevant2 the Stinger (level 4, -4/24 HPs)
             Began as a Tengu Venom Mage on Jan 9, 2021.
             Slain by a gnoll
             ... wielding a +0 halberd
              (15 damage)
             ... on level 2 of the Dungeon.
             The game lasted 00:05:41 (2588 turns).

Drevant2 the Stinger (Tengu Venom Mage)             Turns: 2588, Time: 00:05:42

Health: -4/24      AC:  2    Str:  8    XL:     4   Next: 55%
Magic:  5/8        EV: 12    Int: 17    God:
Gold:   185        SH:  0    Dex: 14    Spells: 3/7 levels left

rFire    . . .     SeeInvis .   g - +0 dagger
rCold    . . .     Faith    .   (no shield)
rNeg     . . .     Spirit   .   a - +0 robe
rPois    .         Reflect  .   (helmet restricted)
rElec    .         Harm     .   (no cloak)
rCorr    .         Rampage  .   (no gloves)
Will     .....                  (boots unavailable)
Stlth    ++........             (no amulet)
HPRegen  0.08/turn              (no ring)
MPRegen  0.11/turn              (no ring)

@: no status effects
A: beak, talons 3
a: no special abilities


You were on level 2 of the Dungeon.
You visited 1 branch of the dungeon, and saw 2 of its levels.

You collected 185 gold pieces.

Inventory:

Hand Weapons
 g - a +0 dagger (weapon)
Armour
 a - a +0 robe (worn)
Jewellery
 i - an uncursed ring of wizardry {unknown}
Scrolls
 b - 7 scrolls of teleportation {unknown}
 d - 3 scrolls of identify {unknown}
 e - a scroll of remove curse {unknown}
 f - a scroll of magic mapping {unknown}
Potions
 c - a potion of might {unknown}
 h - a potion of curing


   Skills:
 - Level 2.1 Dodging
 - Level 3.0 Stealth
 - Level 2.0 Spellcasting
 - Level 0.7 Transmutations
 + Level 2.0 Air Magic
 - Level 4.3 Poison Magic


You had 3 spell levels left.
You knew the following spells:

 Your Spells              Type           Power        Failure   Level
a - Sting                 Tmut/Pois      40%          7%          1
b - Mephitic Cloud        Conj/Pois/Air  8%           24%         3

Your spell library contained the following spells:

 Spells                   Type           Power        Failure   Level
 Poisonous Vapours        Pois/Air       24%          8%          2
 Ignite Poison            Fire/Tmut/Pois 7%           28%         3
 Olgreb's Toxic Radiance  Pois           16%          32%         4


Dungeon Overview and Level Annotations

Branches:
Dungeon (2/15)

Altars:


Innate Abilities, Weirdness & Mutations

You have a beak for a mouth.
You have claws for feet.


Message History

Casting: Sting (safe; 7% risk of failure)
Confirm with . or Enter, or press ? or * to list all spells.
Aiming: Sting (safe; 7% risk of failure)
Press: ? - help, Shift-Dir - straight line, f - gnoll
Aim: a gnoll, wielding a +0 halberd (25% to evade)
The sting hits the gnoll.
The gnoll is poisoned.
The gnoll is lightly wounded.
Casting: Sting (safe; 7% risk of failure)
Confirm with . or Enter, or press ? or * to list all spells.
Aiming: Sting (safe; 7% risk of failure)
Press: ? - help, Shift-Dir - straight line, f/p - gnoll
Aim: a gnoll, wielding a +0 halberd (moderately wounded, poisoned, 25% to evade)
The sting hits the gnoll.
The gnoll looks even sicker.
The gnoll is severely wounded.
The gnoll hits you from afar with a +0 halberd!
* * * LOW HITPOINT WARNING * * *
It was a potion of curing.
You feel better.
The gnoll hits you from afar with a +0 halberd!
Ouch! That really hurt!
You die...

### ###########.#
#@)g........#
#.#########.#####.
#.# #.....?g....
######.###
#.###.......
.##### ..........#
######## ......#
..........#
......#
..........#
......#
#..........#
......#
#...(......#


You could see a gnoll (very poisoned).

Vanquished Creatures
  2 gnolls
  3 adders (D:2)
  A dart slug (D:2)
  A leopard gecko (D:1)
  A ball python (D:1)
  A giant cockroach (D:1)
  6 goblins
  7 hobgoblins
  3 kobolds (D:1)
  6 bats
  3 frilled lizards
  4 rats (D:1)
38 creatures vanquished.

Notes
Turn   | Place    | Note
-------+----------+-------------------------------------------
     0 | D:1      | Drevant2 the Tengu Venom Mage began the quest for the Orb.
     0 | D:1      | Reached XP level 1. HP: 10/10 MP: 4/4
   130 | D:1      | Reached XP level 2. HP: 15/15 MP: 1/6
   631 | D:1      | Reached XP level 3. HP: 16/19 MP: 1/7
  1354 | D:1      | Reached skill level 4 in Poison Magic
  1647 | D:2      | Learned a level 3 spell: Mephitic Cloud
  1799 | D:2      | Reached XP level 4. HP: 22/24 MP: 1/8
  2265 | D:2      | Reached skill level 1 in Air Magic
  2588 | D:2      | Slain by a gnoll

Illustrated notes

Levels and vault maps discovered:
D:1:      erik_arrival_cave_to_civilisation [erik_arrival_cave_to_hall],
          layout_basic, st_stairs_7
D:2:      layout_basic

Skill      XL: |  1  2  3  4 |
---------------+-------------+-----
Poison Magic   | 4 |  4.3
Stealth        | 3 |  3.0
Air Magic      | 2 |  2.0
Dodging        | |  2.1
Spellcasting   | |  2.0
Transmutations | |  0.7

Action                   |  1- 3 |  4- 6 || total
-------------------------+-------+-------++-------
Melee: Unarmed           |     8 |       ||     8
       Peck              |     4 |     1 ||     5
       Kick              |     4 |     1 ||     5
       Dagger            |     9 |     9 ||    18
 Cast: Sting             |    51 |    20 ||    71
  Use: Potion            |       |     1 ||     1
Armor: Robe              |     4 |     2 ||     6
Dodge: Dodged            |    25 |    12 ||    37
